 Dungeon Crawl Stone Soup version 0.17-a0-1650-gce8475a (webtiles) character file.

144 kae the Firebug (level 5, 0/28 HPs)
             Began as a Tengu Fire Elementalist on Aug 13, 2015.
             Slain by a gnoll
             ... wielding a cursed -1 whip
              (6 damage)
             ... on level 2 of the Dungeon.
             The game lasted 00:03:33 (2347 turns).

kae the Firebug (Tengu Fire Elementalist)           Turns: 2347, Time: 00:03:33

Health: 0/28       AC:  2    Str:  8    XL:     5   Next: 27%
Magic:  5/10       EV: 12    Int: 16    God:
Gold:   94         SH:  0    Dex: 15    Spells: 3 memorised, 3 levels left

rFire  . . .     SeeInvis .     f - +0 whip
rCold  . . .     Clarity  .     a - +0 robe
rNeg   . . .     SustAt   .     (no shield)
rPois  .         Gourm    .     (helmet restricted)
rElec  .         Spirit   .     (no cloak)
rCorr  .         Warding  .     (no gloves)
rMut   .         Stasis   .     (boots unavailable)
MR     .....                    (no amulet)
Stlth  ++........               (no ring)
                                (no ring)

@: not resistant to hostile enchantments, unstealthy
A: beak, talons 3, able to fly 1
a: Fly


You were on level 2 of the Dungeon.
You were not hungry.

You visited 1 branch of the dungeon, and saw 3 of its levels.

You collected 94 gold pieces.

Inventory:

Hand weapons
 f - a +0 whip (weapon)
Armour
 a - a +0 robe (worn)
Jewellery
 n - an uncursed ring of protection from cold {unknown}
Scrolls
 d - a scroll of random uselessness
 e - 2 scrolls of remove curse
 h - a scroll of blinking {unknown}
 l - a scroll of identify {unknown}
 p - a scroll of teleportation {unknown}
Potions
 g - a potion of cancellation {unknown}
 i - 2 potions of curing {unknown}
 k - a potion of agility {unknown}
 m - 2 potions of mutation {unknown}
Books
 b - a book of Flames

   Spells                             Type                      Level
   a - Flame Tongue                   Conjuration/Fire             1
   b - Throw Flame                    Conjuration/Fire             2
   c - Conjure Flame                  Conjuration/Fire             3
   d - Inner Flame                    Hexes/Fire                   3
   e - Sticky Flame                   Conjuration/Fire             4
   f - Fireball                       Conjuration/Fire             5
 j - a book of Hinderance

   Spells                             Type                      Level
   a - Confusing Touch                Hexes                        2
   b - Confuse                        Hexes                        3
   c - Gell's Gravitas                Hexes/Translocation          3
   d - Petrify                        Transmutation/Earth          4
   e - Metabolic Englaciation         Hexes/Ice                    5
Comestibles
 c - 3 bread rations
 o - 22 fruits
 q - a meat ration


   Skills:
 - Level 2.1 Dodging
 - Level 2.0 Stealth
 + Level 2.7 Spellcasting
 * Level 4.1 Conjurations
 * Level 4.8 Fire Magic


You had 3 spell levels left.
You knew the following spells:

 Your Spells              Type           Power        Failure   Level  Hunger
a - Flame Tongue          Conj/Fire      ###..        3%          1    #......
b - Throw Flame           Conj/Fire      ###...       6%          2    ##.....
c - Conjure Flame         Conj/Fire      ###.....     12%         3    ###....


Dungeon Overview and Level Annotations

Branches:
Dungeon (3/15)

Altars:

Annotations:
D:2 Sigmund
D:3 Robin


Innate Abilities, Weirdness & Mutations

You have a beak for a mouth.
You have claws for feet.
You can fly.


Message History

The flame tongue hits the gnoll.
The gnoll is lightly wounded.
The gnoll hits you with an enchanted whip.
* * * LOW HITPOINT WARNING * * *
Casting: Flame Tongue
Confirm with . or Enter, or press ? or * to list all spells.
Aiming: Flame Tongue
Press: ? - help, Shift-Dir - straight line, f/p - gnoll
Aim: a gnoll, wielding an enchanted whip (lightly wounded)
The flame tongue hits the gnoll.
The gnoll is lightly wounded.
The gnoll misses you.
Casting: Flame Tongue
Confirm with . or Enter, or press ? or * to list all spells.
Aiming: Flame Tongue
Press: ? - help, Shift-Dir - straight line, f/p - gnoll
Aim: a gnoll, wielding an enchanted whip (lightly wounded)
The flame tongue misses the gnoll.
The gnoll hits you with an enchanted whip.
You die...

##.# #...#.##..#
#.##..........
##.#####......#..#
#.##.....#####
##...............# #.##.#....#
########......##.# #.##...#..#
# #......##.###.######..# #
#...........#.........# #
##.....#..............# #
#.......)#.#.#######.# #
#......g@....# #.# #
#.#####.##.#.# #.# # #.#
#.##.#.# #.# # #.# #.##...#
#.# # #.# #.###### #.#
#########.#####.# #.#
................############.#
########.................w...#
#######################


You could see a gnoll.

Vanquished Creatures
  A gnoll (D:2)
  7 adders
  2 oozes (D:1)
  2 worms (D:2)
  2 giant geckos
  3 bats (D:1)
  3 giant cockroaches (D:2)
  7 hobgoblins
  7 jackals
  8 giant newts
  6 goblins
  9 kobolds
  15 rats
  A fungus (D:1)
73 creatures vanquished.

Notes
Turn   | Place    | Note
--------------------------------------------------------------
     0 | D:1      | kae the Tengu Fire Elementalist began the quest for the Orb.
     0 | D:1      | Reached XP level 1. HP: 10/10 MP: 4/4
   161 | D:1      | Reached XP level 2. HP: 15/15 MP: 4/6
   356 | D:1      | Reached XP level 3. HP: 13/19 MP: 0/7
   467 | D:1      | Reached skill level 4 in Fire Magic
  1248 | D:2      | Noticed Sigmund
  1289 | D:2      | Reached XP level 4. HP: 24/24 MP: 6/8
  1593 | D:2      | Learned a level 2 spell: Throw Flame
  1597 | D:2      | Learned a level 3 spell: Conjure Flame
  1930 | D:3      | Gained mutation: You can fly. [Tengu growth]
  1930 | D:3      | Reached XP level 5. HP: 22/28 MP: 4/9
  2060 | D:3      | Noticed Robin
  2152 | D:3      | Noticed an ogre
  2347 | D:2      | Slain by a gnoll

Vault maps used:
D:1:      dpeg_arrival_prison, minmay_rat_gold_closets
D:2:      first_bread, dk_vineyard_1, uniq_sigmund
D:3:      corexii_corridor_pit, grunt_ministairs_1, uniq_robin

Action                   |  1- 3 |  4- 6 || total
-------------------------+-------+-------++-------
Melee: Unarmed           |    28 |       ||    28
       Whip              |    40 |    23 ||    63
 Cast: Flame Tongue      |    49 |    63 ||   112
       Throw Flame       |       |     6 ||     6
  Use: Scroll            |       |     2 ||     2
 Stab: Sleeping          |     7 |       ||     7
  Eat: Chunk             |     1 |     5 ||     6
